 Dungeon Crawl Stone Soup version 0.21-a0-78-g82a99e0 (webtiles) character file.

444 grindst0ne the Blocker (level 7, 0/52 HPs)
             Began as a Formicid Fighter on June 21, 2017.
             Killed by nerve-wracking pain
             ... invoked by an orc priest
              (6 damage)
             ... on level 4 of the Dungeon.
             The game lasted 00:04:23 (2989 turns).

grindst0ne the Blocker (Formicid Fighter)           Turns: 2989, Time: 00:04:23

Health: 0/52       AC: 13    Str: 21    XL:     7   Next: 23%
Magic:  7/7        EV: 12    Int:  7    God:
Gold:   231        SH: 12    Dex: 17    Spells: 6/6 levels left

rFire    . . .     SeeInvis +   a - +0 war axe
rCold    . . .     Gourm    .   c - +0 shield
rNeg     . . .     Faith    .   q - +0 chain mail
rPois    +         Spirit   .   (helmet unavailable)
rElec    .         Reflect  .   v - +0 cloak
rCorr    .         Harm     .   x - +2 pair of gloves
MR       .....                  (no boots)
Stlth    +.........             (no amulet)
HPRegen  0.17/turn              j - ring of stealth
MPRegen  0.10/turn              n - ring of poison resistance

@: agile, lethally poisoned (0 -> -2)
A: permanent stasis, dig shafts and tunnels, four strong arms, antennae 3
a: Dig, Shaft Self


You were on level 4 of the Dungeon.
You were hungry.

You visited 1 branch of the dungeon, and saw 4 of its levels.

You collected 231 gold pieces.

Inventory:

Hand Weapons
 a - a +0 war axe (weapon)
Missiles
 l - a throwing net (quivered)
Armour
 b - a +0 scale mail
 c - a +0 shield (worn)
 q - a +0 chain mail (worn)
 v - a +0 cloak (worn)
 x - a +2 pair of gloves (worn)
Jewellery
 j - a ring of stealth (left hand)
 n - a ring of poison resistance (right hand)
Scrolls
 e - 2 scrolls of identify
 g - 3 scrolls of remove curse
 i - 3 scrolls of magic mapping {unknown}
 r - 2 scrolls of enchant weapon {unknown}
 s - a scroll of teleportation {unknown}
 u - a scroll of random uselessness {unknown}
Potions
 d - 2 potions of might
 k - 2 potions of lignification
 m - a potion of haste {unknown}
 p - a potion of degeneration {unknown}
 t - a potion of cancellation {unknown}
 w - a potion of ambrosia {unknown}
Comestibles
 f - a bread ration
 o - a royal jelly


   Skills:
 + Level 3.4 Fighting
 - Level 2.0 Axes
 + Level 3.4 Armour
 - Level 9.1 Shields


You had 6 spell levels left.
You didn't know any spells.

Dungeon Overview and Level Annotations

Branches:
Dungeon (4/15)
 Temple: D:4-7

Altars:
Fedhas


Innate Abilities, Weirdness & Mutations

You cannot be hasted, slowed, berserked, paralysed or teleported.
You can dig through walls and to a lower floor.
Your four strong arms can wield two-handed weapons with a shield.
You have a pair of large antennae on your head. (SInv)


Message History

The orc hits you with a short sword of venom.
* * * LOW HITPOINT WARNING * * *
You are poisoned.
You hit the orc priest but do no damage.
The orc priest is moderately wounded.
You hit the orc but do no damage. You hit the orc.
You kill the orc!
You feel sick. The orc hits you but does no damage.
The orc priest mumbles some strange prayers to Beogh against you.
You struggle to resist.
The orc hits you but does no damage.
You hit the orc priest but do no damage.
The orc priest is moderately wounded.
You closely miss the orc.
You feel sick. You block the orc priest's attack. The orc hits you with a mace.
* * * LOW HITPOINT WARNING * * *
It was a potion of agility.
You feel agile all of a sudden.
The orc priest invokes the aid of Beogh against you.
Pain shoots through your body!
You die...

#..#####.# #####
#.......#. ##...##
#.#####.#. #
#.....####.........
#$#
#..........#####.#.
....#.....####.#
#.#. #......)###
#.# #... #o....#
#.# ###.
#@###.###.# ##
#....)o#.......#
###.##.#.#.##### #
#.....# #...###
....## .....#
###.#$# #.#.


You could see an orc priest and an orc.

Vanquished Creatures
  A sky beast (D:3)
  An ogre (D:4)
  Jessica (D:3)
  2 orc wizards (D:4)
  7 adders
  3 gnolls (D:2)
  An ooze (D:1)
  3 worms
  2 leopard geckos (D:2)
  12 orcs
  4 giant cockroaches
  6 goblins
  8 hobgoblins
  3 jackals (D:1)
  4 kobolds
  2 quokkas
  10 bats
  4 frilled lizards
  5 rats
79 creatures vanquished.

Notes
Turn   | Place    | Note
-------+----------+-------------------------------------------
     0 | D:1      | grindst0ne the Formicid Fighter began the quest for the Orb.
     0 | D:1      | Reached XP level 1. HP: 18/18 MP: 1/1
    34 | D:1      | Reached skill level 4 in Shields
    97 | D:1      | Reached XP level 2. HP: 18/24 MP: 2/2
   375 | D:1      | Reached XP level 3. HP: 26/29 MP: 3/3
   449 | D:1      | Reached skill level 5 in Shields
   996 | D:2      | Reached XP level 4. HP: 35/35 MP: 4/4
  1004 | D:2      | Reached skill level 6 in Shields
  1262 | D:2      | Reached XP level 5. HP: 38/41 MP: 5/5
  1898 | D:3      | Noticed Jessica
  1908 | D:3      | Reached skill level 7 in Shields
  1914 | D:3      | Killed Jessica
  2058 | D:3      | Noticed a sky beast
  2072 | D:3      | Reached XP level 6. HP: 42/47 MP: 6/6
  2084 | D:3      | Killed a sky beast
  2084 | D:3      | Reached skill level 8 in Shields
  2343 | D:3      | Found a blossoming altar of Fedhas.
  2542 | D:4      | Noticed an ogre
  2789 | D:4      | Killed an ogre
  2789 | D:4      | Reached skill level 9 in Shields
  2789 | D:4      | Reached XP level 7. HP: 23/52 MP: 7/7
  2989 | D:4      | Killed from afar by an orc priest

Vault maps used:
D:1:      onia_arrival_pentagram
D:3:      fedhas_altar_2, uniq_sigmund, uniq_jessica
D:4:      first_bread, minmay_crystal_water, serial_bayou_pond_c

Skill      XL: |  1  2  3  4  5  6 |
---------------+-------------------+-----
Shields        | 4 5 6 7 9 |  9.1
Fighting       | |  3.4
Axes           | |  2.0
Armour         | |  3.4

Action                   |  1- 3 |  4- 6 |  7- 9 || total
-------------------------+-------+-------+-------++-------
Melee: War axe           |    82 |   201 |     9 ||   292
 Abil: Dig               |     1 |     3 |       ||     4
  Use: Scroll            |     2 |       |       ||     2
       Potion            |       |       |     1 ||     1
  Eat: Chunk             |       |     7 |       ||     7
Armor: Scale mail        |    46 |    55 |       ||   101
       Chain mail        |       |     5 |     7 ||    12
Dodge: Dodged            |    47 |    70 |     2 ||   119
Block: Shield            |    67 |   130 |     5 ||   202
